 Dungeon Crawl Stone Soup version 0.25-a0-1073-gf4359a17dd (webtiles) character file.

Game seed: 12384562573610778852, levelgen mode: deterministic

662033 MisterFreud the Marksgnoll (level 27, -8/222 HPs)
             Began as a Gnoll Fighter on May 13, 2020.
             Was the Champion of Ashenzari.
             Killed from afar by an orb of fire (31 damage)
             ... with a fireball
             ... on level 5 of the Realm of Zot on May 14, 2020.
             The game lasted 03:09:50 (80950 turns).

MisterFreud the Marksgnoll (Gnoll Fighter)         Turns: 80950, Time: 03:09:51

Health: -8/222     AC: 18    Str: 20 (22) XL:     27
Magic:  11/36      EV: 32    Int: 25      God:    Ashenzari [******]
Gold:   3607       SH: 32    Dex:  6 (7)  Spells: 6/62 levels left

rFire    + + .     SeeInvis +   z - +3 Elemental Staff {rElec rF++ rC++ MR++ AC+5} (curse)
rCold    + + +     Gourm    .   m - +10 tower shield of Ignorance {rN+ Int-4} (curse)
rNeg     + . .     Faith    .   r - +2 robe {rC+}
rPois    .         Spirit   .   j - +1 hat of the New World {*Drain MR++ Regen+ Int+5}
rElec    +         Reflect  .   I - scarf {repulsion}
rCorr    .         Harm     .   V - +1 pair of gloves "Huoch" {Regen+ Int+6 Dex-4 Stlth-} (curse)
MR       +++++     Clarity  +   K - +2 pair of boots {Stlth+} (curse)
Stlth    +++.......             U - amulet of the acrobat (curse)
HPRegen  0.00/turn              q - ring of wizardry (curse)
MPRegen  0.25/turn              P - ring of wizardry (curse)

@: acrobat, contaminated, hasted, glowing, studying Bows, repel missiles, very
quick
A: distributed training, claws 1, fangs 1, horns 2, blurry vision 1, clumsy 2,
deterioration 2, dopey 1, low mp 2, inhibited regeneration, subdued magic 1,
strong nose
}: 3/15 runes: decaying, serpentine, silver
a: Curse Item, Scrying, Renounce Religion


You were on level 5 of the Realm of Zot.
You worshipped Ashenzari.
Ashenzari was exalted by your worship.
You were very full.

You visited 10 branches of the dungeon, and saw 50 of its levels.
You also visited: Wizlab.

You collected 7120 gold pieces.
You spent 3513 gold pieces at shops.

Inventory:

Hand Weapons
 z - the cursed +3 Elemental Staff (weapon) {rElec rF++ rC++ MR++ AC+5}
   (You took it off a deep elf death mage on level 3 of the Elven Halls)

   It affects your AC (+5).
   It greatly protects you from fire.
   It greatly protects you from cold.
   It insulates you from electricity.
   It affects your resistance to hostile enchantments.
   It has a curse placed upon it.
Missiles
 n - 8 throwing nets (quivered)
Armour
 j - the +1 hat of the New World (worn) {*Drain MR++ Regen+ Int+5}
   (You found it on level 2 of the Elven Halls)

   It affects your intelligence (+5).
   It affects your resistance to hostile enchantments.
   It increases your rate of regeneration.
   It causes draining when unequipped.
 m - the cursed +10 tower shield of Ignorance (worn) {rN+ Int-4}
   (You took it off a tengu reaver on level 5 of the Vaults)

   It affects your intelligence (-4).
   It protects you from negative energy.
   It has a curse placed upon it.
 r - a +2 robe of cold resistance (worn)
 I - a scarf of repulsion (worn)
 K - a cursed +2 pair of boots of stealth (worn)
 V - the cursed +1 pair of gloves "Huoch" (worn) {Regen+ Int+6 Dex-4 Stlth-}
   (You acquired it on level 3 of the Depths)

   It affects your intelligence (+6).
   It affects your dexterity (-4).
   It increases your rate of regeneration.
   It makes you less stealthy.
   It has a curse placed upon it.
Jewellery
 q - a cursed ring of wizardry (left hand)
 E - an uncursed ring of resist corrosion
 P - a cursed ring of wizardry (right hand)
 U - a cursed amulet of the acrobat (around neck)
Wands
 p - a wand of enslavement (30)
 u - a wand of digging (13)
 G - a wand of acid (31)
 L - a wand of iceblast (16)
 N - a wand of disintegration (33)
 S - a wand of flame (101)
Scrolls
 b - 2 scrolls of silence
 g - a scroll of holy word
 h - 15 scrolls of remove curse
 i - 38 scrolls of identify
 k - 15 scrolls of fear
 s - 8 scrolls of enchant weapon
 v - 31 scrolls of teleportation
 y - 13 scrolls of blinking
 B - 6 scrolls of enchant armour
 D - 8 scrolls of fog
 M - 4 scrolls of magic mapping
 O - 3 scrolls of brand weapon
 T - 8 scrolls of amnesia
Potions
 a - 2 potions of ambrosia
 d - 8 potions of might
 l - 16 potions of curing
 o - 8 potions of brilliance
 A - a potion of haste
 C - 9 potions of flight
 H - 5 potions of resistance
 J - 6 potions of stabbing
 Q - 3 potions of invisibility
Books
 x - a manual of Bows
Miscellaneous
 t - 6 boxes of beasts
 Y - a lightning rod (4/4)
 Z - a phial of floods
Comestibles
 f - 59 rations


   Skills:
 + Level 19.2 Fighting
 + Level 18.8 Short Blades
 + Level 18.4 Long Blades
 + Level 18.4 Axes
 + Level 18.4 Maces & Flails
 + Level 18.4 Polearms
 + Level 18.4(20.7) Staves
 + Level 18.4 Slings
 + Level 20.8 Bows
 + Level 18.4 Crossbows
 + Level 18.4 Throwing
 + Level 19.2 Armour
 + Level 18.4 Dodging
 + Level 18.4 Stealth
 + Level 19.2(21.4) Shields
 + Level 18.4 Unarmed Combat
 + Level 18.4 Spellcasting
 + Level 15.9(19.8) Conjurations
 + Level 15.9(19.8) Hexes
 + Level 15.9(19.8) Charms
 + Level 15.9(19.8) Summonings
 + Level 15.9(19.8) Necromancy
 + Level 15.9(19.8) Translocations
 + Level 15.9(19.8) Transmutations
 + Level 15.9(19.8) Fire Magic
 + Level 15.9(19.8) Ice Magic
 + Level 15.9(19.8) Air Magic
 + Level 15.9(19.8) Earth Magic
 + Level 15.9(19.8) Poison Magic
 + Level 19.7 Invocations
 + Level 18.4(23.2) Evocations


You had 6 spell levels left.
You knew the following spells:

 Your Spells              Type           Power        Failure   Level  Hunger
a - Statue Form           Tmut/Erth      #######..    1%          6    ###....
b - Borgnjor's Vile Clut  Necr/Erth      #######...   0%          5    None
c - Irradiate             Conj/Tmut      #######...   0%          5    None
d - Controlled Blink      Tloc           N/A          1%          8    ######.
e - Lesser Beckoning      Tloc           #######...   0%          3    None
f - Disjunction           Tloc           #######...   1%          8    ######.
g - Ignition              Fire           #######...   1%          8    ######.
h - Iron Shot             Conj/Erth      #######...   1%          6    ###....
i - Spellforged Servitor  Conj/Summ      #######...   1%          7    #####..

Your spell library contained the following spells:

 Spells                   Type           Power        Failure   Level  Hunger
 Beastly Appendage        Tmut           ######       0%          1    None
 Corona                   Hex            #######      0%          1    None
 Foxfire                  Conj/Fire      ####         0%          1    None
 Magic Dart               Conj           ####         0%          1    None
 Shock                    Conj/Air       ####         0%          1    None
 Sting                    Tmut/Pois      ####         0%          1    None
 Summon Small Mammal      Summ           ####         0%          1    None
 Call Imp                 Summ           #######.     0%          2    None
 Corpse Rot               Necr/Air       N/A          0%          2    None
 Poisonous Vapours        Pois/Air       ######       0%          2    None
 Searing Ray              Conj           ######       0%          2    None
 Shroud of Golubria       Chrm/Tloc      ######       0%          2    None
 Sticks to Snakes         Tmut           #######.     0%          2    None
 Sublimation of Blood     Necr           #######...   0%          2    None
 Swiftness                Chrm/Air       #######.     0%          2    None
 Call Canine Familiar     Summ           #######.     0%          3    None
 Confusing Touch          Hex            #######.     0%          3    None
 Conjure Flame            Conj/Fire      #######.     0%          3    None
 Dazzling Flash           Conj/Hex       ######       0%          3    None
 Gell's Gravitas          Tloc           #######...   0%          3    None
 Ignite Poison            Fire/Tmut/Pois #######.     0%          3    None
 Inner Flame              Hex/Fire       #######.     0%          3    None
 Mephitic Cloud           Conj/Pois/Air  #######.     0%          3    None
 Portal Projectile        Hex/Tloc       ######       0%          3    None
 Recall                   Summ/Tloc      N/A          0%          3    None
 Spider Form              Tmut/Pois      #######...   0%          3    None
 Static Discharge         Conj/Air       #######.     0%          3    None
 Summon Guardian Golem    Hex/Summ       #######.     0%          3    None
 Teleport Other           Tloc           #######.     0%          3    None
 Airstrike                Air            #######...   0%          4    None
 Animate Dead             Necr           N/A          0%          4    None
 Cause Fear               Hex            #######...   0%          4    None
 Fulminant Prism          Conj/Hex       #######...   0%          4    None
 Ice Form                 Ice/Tmut       #######.     0%          4    None
 Iskenderun's Mystic Bla  Conj/Tloc      #######.     0%          4    None
 Leda's Liquefaction      Hex/Erth       #######...   0%          4    None
 Olgreb's Toxic Radiance  Pois           #######.     0%          4    None
 Petrify                  Tmut/Erth      #######.     0%          4    None
 Sticky Flame             Conj/Fire      #######.     0%          4    None
 Summon Ice Beast         Ice/Summ       #######.     0%          4    None
 Summon Lightning Spire   Summ/Air       #######.     0%          4    None
 Alistair's Intoxication  Tmut/Pois      #######.     0%          5    None
 Blade Hands              Tmut           #######...   0%          5    None
 Bolt of Magma            Conj/Fire/Erth ########..   0%          5    None
 Fireball                 Conj/Fire      #######...   0%          5    None
 Iskenderun's Battlesphe  Conj/Chrm      #######.     0%          5    None
 Lightning Bolt           Conj/Air       #######...   0%          5    None
 Metabolic Englaciation   Hex/Ice        #######...   0%          5    None
 Summon Forest            Summ/Tloc      #######...   0%          5    None
 Yara's Violent Unravell  Hex/Tmut       #######...   0%          5    None
 Dispersal                Tloc           #######...   1%          6    ###....
 Eringya's Noxious Bog    Tmut/Pois      #######...   1%          6    ###....
 Freezing Cloud           Conj/Ice/Air   ########..   1%          6    ###....
 Hydra Form               Tmut           #######...   1%          6    ###....
 Simulacrum               Ice/Necr       #######...   1%          6    ###....
 Starburst                Conj/Fire      #######...   1%          6    ###....
 Dragon Form              Tmut           #######...   1%          7    #####..
 Malign Gateway           Summ/Tloc      #######...   1%          7    #####..
 Orb of Destruction       Conj           #######...   1%          7    #####..
 Ring of Flames           Chrm/Fire      #######...   1%          7    #####..
 Shatter                  Erth           #######...   21%         9    #######
 Tornado                  Air            #######...   21%         9    #######


Dungeon Overview and Level Annotations

Branches:
Dungeon (15/15)            Temple (1/1) D:7            Lair (6/6) D:11
  Swamp (4/4) Lair:3        Snake (4/4) Lair:3        Slime (0/5) Lair:6
    Orc (2/2) D:9             Elf (3/3) Orc:2        Vaults (5/5) D:14
  Crypt (0/3) Vaults:3     Depths (5/5) D:15            Zot (5/5) Depths:5
 WizLab (visited)

Altars:
Ashenzari
Cheibriados
Elyvilon
Fedhas
Gozag
Hepliaklqana
Kikubaaqudgha
Nemelex Xobeh
Qazlal
Ru
Sif Muna
Trog
Uskayaw
Vehumet
Wu Jian
Xom
Yredelemnul
Zin
The Shining One
Jiyva
Lugonu

Shops:
D:4 [   D:6 %   Orc:1 *:*?(   Orc:2 %(=%   Elf:1 [   Vaults:1 *   Vaults:3 (
Vaults:5 =   Depths:5 }=}

Portals:
Hell: Depths:1 Depths:2 Depths:3 Depths:5
Abyss: Depths:3 Depths:4
Pandemonium: Depths:1 Depths:3
Ziggurat: Depths:4

Annotations:
D:7 3 runed translucent doors, coffeespoons's ghost, novice MfMo
D:14 1 runed translucent door, Yraatu's ghost, journeyman TrTm
Lair:2 1 runed translucent door, Gibetzo's ghost, journeyman GnSk
Swamp:1 2 transporters
Swamp:3 1 runed translucent door, UristMcRaven's ghost, journeyman DECj
Snake:3 2 runed translucent doors, Zorot's ghost, adept DrVM
Depths:4 exclusion: lich
Zot:3 1 transporter


Innate Abilities, Weirdness & Mutations

Your experience applies equally to all skills.
You have very sharp teeth.
Your uncanny sense of smell can sniff out nearby items.
You have sharp fingernails.
You have a pair of horns on your head.
Scrolls take you a little longer to read.
You are very clumsy. (Dex -4)
Your body often deteriorates upon taking damage.
You are dopey. (Int -2)
Your magical capacity is very low. (-20% MP)
You do not regenerate when monsters are visible.
Your spells are a little easier to cast, but a little less powerful.


Message History

The bolt of fire is repelled.
The Killer Klown blinks!
You feel a bit more experienced.
The orb of fire glows bright magenta.
The bolt of fire misses you.
The orb of fire glows bright magenta.
The fireball explodes!
The fireball engulfs you! You resist.
* * * LOW HITPOINT WARNING * * *
The orb of fire glows red.
Strange energies course through your body.
You feel frail.
The orb of fire emits a lurid red light.
The bolt of fire misses you.
You revert to your normal fleshy form.
The cursed +1 pair of gloves "Huoch" {Regen+ Int+6 Dex-4 Stlth-} unmelds from your body.
Your cursed +2 pair of boots of stealth unmelds from your body.
Your +2 robe of cold resistance unmelds from your body.
You feel stealthy.
You feel resistant to cold.
The orb of fire emits a lurid red light.
The fireball explodes!
The fireball engulfs you!! You resist.
You die...

......# ####....#############
......######## #.?^.# #
#######......# #....# # #......#
#....# #
#......###....#############
######.........................#
#..............................#
#...)..................<.......#
#........*.....@................
####.########▓▓▓▓################
.....{......# **^^,,,........}#
......p....## **,,,,,,.....H.H..
...........# **,,,,,,,......DH..
......*...## *,,,,,,,,......*...
.......^..#▓▓▓#...{..............
..........##▓▓#..................
...........#▓▓#.[..{........X....


You could see an orb of fire.

Vanquished Creatures
  2 orbs of fire (Zot:4)
  3 ancient liches
  2 juggernauts
  Boris (Depths:5)
  Frederick (Depths:4)
  Bai Suzhen (Swamp:3)
  5 Killer Klowns (Zot:5)
  4 curse toes
  5 caustic shrikes
  9 golden dragons
  A bone dragon (Depths:5)
  6 liches
  3 electric golems
  13 tentacled monstrosities
  Jorgrun (Orc:2)
  Rupert (Lair:3)
  9 Orb Guardians (Zot:5)
  Asterion (Snake:1)
  4 deep elf master archers (Elf:3)
  5 titans (Vaults:5)
  6 quicksilver dragons
  3 deep elf blademasters
  Frances (Snake:1)
  7 sphinxes
  4 thorn hunters (Swamp:4)
  Gastronok (Lair:3)
  11 death cobs
  14 tengu reavers
  Kirke (Swamp:2)
  5 shadow dragons
  14 storm dragons
  9 nagarajas (Snake:4)
  Roxanne (Swamp:4)
  6 draconian monks
  10 frost giants
  8 draconian knights
  3 iron dragons
  The ghost of Heguxy the Peltast, a journeyman FoEE of Vehumet (Elf:2)
  8 deep elf sorcerers
  4 ghost moths
  15 vault wardens
  6 draconian scorchers
  15 fire giants
  Aizul (Snake:1)
  6 draconian shifters
  A curse skull (Depths:3)
  An orc warlord (Orc:1)
  5 draconian stormcallers
  5 deep elf elementalists
  A spriggan defender (Depths:2)
  3 war gargoyles (Vaults:5)
  20 very ugly things
  26 stone giants
  16 ironheart preservers
  A juggernaut skeleton (Depths:3)
  6 draconian annihilators
  A caustic shrike skeleton (Depths:3)
  4 entropy weavers
  7 deep elf annihilators
  8 deep elf demonologists
  9 purple draconians
  10 red draconians
  10 black draconians
  11 yellow draconians
  3 vampire knights
  18 green draconians
  18 white draconians
  9 spark wasps
  A merfolk javelineer (Depths:3)
  13 ettins
  A crystal guardian (Vaults:1)
  7 deep elf death magi
  A merfolk impaler (Depths:1)
  12 fire dragons
  A great orb of eyes (shapeshifter) (Vaults:5)
  4 mummy priests (WizLab)
  5 deep elf high priests
  15 yaktaur captains
  9 great orbs of eyes
  35 vault guards
  Fannar (Lair:3)
  A quicksilver dragon skeleton (Depths:3)
  3 ghost crabs
  17 naga warriors
  5 rakshasas
  A shambling mangrove (Swamp:4)
  9 ice dragons
  3 spriggan air magi
  4 catoblepae
  11 ogre magi
  19 hydras
  31 two-headed ogres
  11 anacondas
  12 centaur warriors
  8 death yaks
  5 deep troll earth magi
  6 deep troll shamans
  6 spriggan berserkers
  10 alligators
  3 death knights
  3 vampire magi
  An orc high priest (Elf:1)
  32 dancing weapons
  3 shock serpents
  2 tengu warriors
  Urug (D:13)
  12 naga sharpshooters
  2 soul eaters
  Sonja (D:13)
  41 deep elf knights
  10 hell knights
  2 iron trolls (Depths:2)
  A titan skeleton (Depths:3)
  A shadow wraith (Vaults:5)
  13 skeletal warriors
  20 deep trolls
  A salamander mystic (Snake:4)
  9 sea snakes (Snake:4)
  4 storm dragon skeletons (Depths:3)
  3 spriggan druids (Swamp:4)
  4 unseen horrors
  2 golden dragon zombies (WizLab)
  2 glowing orange brains (Depths:1)
  9 naga ritualists
  12 swamp dragons
  Pikel (D:6)
  21 deep elf archers
  8 wizards
  4 flayed ghosts
  A necromancer (Depths:2)
  90 deep elf magi
  A sphinx zombie (WizLab)
  5 phantasmal warriors
  4 wolf spiders (Vaults:1)
  A golden dragon skeleton (Depths:3)
  3 orc sorcerers
  An orb spider (shapeshifter) (Depths:2)
  75 ugly things
  15 ironbrand convokers
  8 mana vipers
  4 harpies (Vaults:5)
  7 cyclopes
  27 moths of wrath
  17 orc knights
  3 tengu skeletons (Depths:3)
  7 salamanders
  A sphinx skeleton (Depths:3)
  2 manticores (Lair:6)
  2 moths of wrath (shapeshifter)
  9 elephants
  39 black mambas
  A frost giant skeleton (Depths:3)
  10 guardian serpents
  2 iron dragon skeletons (Depths:3)
  6 centaur zombies
  A guardian serpent (shapeshifter) (Depths:1)
  18 naga magi
  A stone giant skeleton (Depths:3)
  14 vault sentinels
  A demonspawn zombie (WizLab)
  A rust devil (Depths:4)
  A spiny frog (shapeshifter) (Depths:1)
  3 fire giant skeletons (Depths:3)
  2 elf skeletons (Depths:3)
  A gargoyle (D:13)
  An orange demon (Depths:1)
  An eye of devastation (shapeshifter) (Vaults:1)
  16 spiny frogs
  10 freezing wraiths
  56 yaktaurs
  2 tormentors
  9 komodo dragons
  A rime drake (shapeshifter) (Vaults:2)
  A red devil (Depths:3)
  A hellwing (Depths:3)
  A troll (shapeshifter) (Vaults:1)
  A jumping spider (Vaults:3)
  7 trolls
  6 tengu conjurers
  A polar bear (Lair:6)
  2 meliai (shapeshifter) (Vaults:4)
  11 tyrant leeches
  10 hornets
  A tyrant leech (shapeshifter) (Vaults:5)
  A wolf spider simulacrum (D:15)
  A slime creature (shapeshifter) (Vaults:5)
  23 blink frogs
  A raiju (shapeshifter) (Depths:1)
  2 wind drakes (shapeshifter)
  26 slime creatures
  6 hippogriffs
  A spriggan zombie (WizLab)
  10 dream sheep
  7 bog bodies
  A blink frog (shapeshifter) (Vaults:3)
  An ice dragon zombie (WizLab)
  11 flying skulls (Depths:3)
  A fire giant simulacrum (Vaults:3)
  7 spriggans
  8 air elementals
  An ettin zombie (WizLab)
  9 water elementals
  A human (shapeshifter) (Vaults:2)
  4 redbacks
  2 basilisks
  4 shadows
  29 yaks
  4 wyverns
  A fire elemental (Elf:3)
  A human (D:9)
  A steam dragon (D:13)
  4 wraiths
  An elf zombie (WizLab)
  25 vampire mosquitoes
  A neqoxec (Depths:1)
  4 hogs
  2 hungry ghosts
  A chaos spawn (Depths:1)
  8 wargs
  12 swamp worms
  57 nagas
  A swamp worm (shapeshifter) (Vaults:5)
  2 acid dragons
  A soldier ant (D:13)
  27 insubstantial wisps
  A water moccasin (shapeshifter) (Depths:3)
  16 water moccasins
  2 floating eyes
  8 porcupines
  18 swamp drakes
  6 sky beasts
  A slave (D:6)
  5 ice beasts
  59 orc warriors
  5 phantoms
  7 boggarts
  A necrophage (D:9)
  26 ogres
  28 centaurs
  6 crocodiles
  2 big kobolds
  A gnoll sergeant (Orc:1)
  28 bullfrogs
  2 earth elementals
  A deep troll simulacrum (Vaults:2)
  A wyvern skeleton (D:8)
  6 scorpions
  A water moccasin skeleton (D:10)
  21 killer bees
  14 wights
  6 electric eels
  2 howler monkeys
  7 crimson imps
  2 quasits
  A bullfrog zombie (D:12)
  24 orc wizards
  A human simulacrum (Vaults:1)
  5 centaur skeletons
  7 hounds
  5 jellies
  19 orc priests
  A bullfrog skeleton (D:4)
  Jessica (D:2)
  7 iguanas
  An iguana (shapeshifter) (Depths:2)
  Natasha (thrice) (D:4)
  10 worker ants
  Terence (D:2)
  A hell rat (Lair:3)
  A hound skeleton (D:9)
  Robin (D:4)
  13 adders
  8 gnolls
  6 shadow imps
  12 white imps (Lair:3)
  2 adder skeletons
  2 adder zombies
  3 worms
  4 dart slugs
  2 leopard geckos (D:1)
  110 orcs
  6 bats
  13 giant cockroaches
  18 goblins
  11 hobgoblins
  7 jackals
  18 kobolds
  A quokka (D:10)
  A ball python (D:2)
  3 frilled lizards
  A leopard gecko skeleton (D:4)
  2 quokka skeletons (D:4)
  15 rats
  2 briar patches (Swamp:4)
2389 creatures vanquished.

Vanquished Creatures (collateral kills)
  Jory (Vaults:2)
  A golden dragon (Zot:5)
  An Orb Guardian (Zot:5)
  A storm dragon (Zot:4)
  Donald (Snake:3)
  A shadow dragon (Zot:4)
  A stone giant zombie (WizLab)
  A human zombie (WizLab)
  2 spriggan zombies (WizLab)
  An elf zombie (WizLab)
  An orc warrior (Vaults:2)
12 creatures vanquished.

Vanquished Creatures (others)
  2 fire giants (Depths:2)
  A deep elf elementalist (Elf:3)
  A deep elf demonologist (Vaults:1)
  A white draconian (Zot:2)
  A deep elf annihilator (Elf:3)
  A deep elf high priest (Elf:3)
  A naga warrior (Snake:4)
  A centaur warrior (Vaults:1)
  2 deep elf knights
  A deep troll (Vaults:3)
  A swamp dragon (Swamp:3)
  A mana viper (Snake:4)
  4 deep elf magi
  A hornet (Swamp:3)
  A spriggan (Swamp:3)
  4 humans (Swamp:3)
  A naga (Snake:4)
  An orc warrior (Vaults:2)
  A bullfrog (D:6)
  An orc priest (Orc:2)
  A centaur skeleton (D:6)
  3 jackals (D:6)
  11 briar patches (Swamp:4)
  A fungus (Lair:6)
  8 plants
  2 withered plants (Swamp:3)
54 creatures vanquished.

Grand Total: 2455 creatures vanquished

Notes
Turn   | Place    | Note
-------+----------+-------------------------------------------
     0 | D:1      | MisterFreud the Gnoll Fighter began the quest for the Orb.
     0 | D:1      | Reached XP level 1. HP: 23/23 MP: 1/1
    76 | D:1      | Reached XP level 2. HP: 20/29 MP: 2/2
   386 | D:1      | Reached XP level 3. HP: 35/35 MP: 3/3
  1143 | D:2      | Reached skill level 1 in Invocations
  1338 | D:2      | Reached skill level 1 in Long Blades
  1338 | D:2      | Reached skill level 1 in Axes
  1338 | D:2      | Reached skill level 1 in Maces & Flails
  1338 | D:2      | Reached skill level 1 in Polearms
  1338 | D:2      | Reached skill level 1 in Staves
  1338 | D:2      | Reached skill level 1 in Slings
  1338 | D:2      | Reached skill level 1 in Bows
  1338 | D:2      | Reached skill level 1 in Crossbows
  1338 | D:2      | Reached skill level 1 in Throwing
  1338 | D:2      | Reached skill level 1 in Dodging
  1338 | D:2      | Reached skill level 1 in Stealth
  1338 | D:2      | Reached skill level 1 in Unarmed Combat
  1338 | D:2      | Reached skill level 1 in Spellcasting
  1338 | D:2      | Reached skill level 1 in Evocations
  1338 | D:2      | Reached XP level 4. HP: 38/41 MP: 5/5
  1383 | D:2      | Noticed Jessica
  1397 | D:2      | Killed Jessica
  1456 | D:2      | Reached skill level 1 in Conjurations
  1456 | D:2      | Reached skill level 1 in Hexes
  1456 | D:2      | Reached skill level 1 in Charms
  1456 | D:2      | Reached skill level 1 in Summonings
  1456 | D:2      | Reached skill level 1 in Necromancy
  1456 | D:2      | Reached skill level 1 in Translocations
  1456 | D:2      | Reached skill level 1 in Transmutations
  1456 | D:2      | Reached skill level 1 in Fire Magic
  1456 | D:2      | Reached skill level 1 in Ice Magic
  1456 | D:2      | Reached skill level 1 in Air Magic
  1456 | D:2      | Reached skill level 1 in Earth Magic
  1456 | D:2      | Reached skill level 1 in Poison Magic
  1544 | D:2      | Noticed Terence
  1576 | D:2      | Killed Terence
  1576 | D:2      | Reached XP level 5. HP: 43/47 MP: 6/6
  1859 | D:3      | Noticed a centaur
  1872 | D:3      | Killed a centaur
  1872 | D:3      | Reached XP level 6. HP: 45/53 MP: 8/8
  2523 | D:3      | Reached skill level 5 in Short Blades
  2674 | D:4      | Reached skill level 2 in Bows
  2770 | D:4      | Found an ornate altar of the Wu Jian Council.
  2771 | D:4      | Found a sparkling altar of Nemelex Xobeh.
  2792 | D:4      | Found Daciburch's Armour Boutique.
  2847 | D:4      | Noticed Natasha
  2848 | D:4      | Noticed Robin
  2904 | D:4      | Killed Robin
  2919 | D:4      | Killed Natasha
  3097 | D:4      | Reached XP level 7. HP: 50/59 MP: 10/10
  4054 | D:4      | Noticed Natasha
  4065 | D:4      | Killed Natasha
  4108 | D:4      | Noticed Natasha
  4118 | D:4      | Killed Natasha
  4131 | D:4      | Reached XP level 8. HP: 42/67 MP: 12/12
  4395 | D:4      | Found a blossoming altar of Fedhas.
  4395 | D:4      | Found an ancient bone altar of Kikubaaqudgha.
  4396 | D:4      | Found an opulent altar of Gozag.
  4573 | D:4      | Got a jewelled rapier
  4574 | D:4      | Identified the +2 rapier "Pofe" {pain, Int+3 Dex+4} (You
                  | found it on level 4 of the Dungeon)
  4666 | D:5      | Entered Level 5 of the Dungeon
  4931 | D:5      | Reached skill level 3 in Bows
  4956 | D:5      | Found a sacrificial altar of Ru.
  5716 | D:6      | Noticed Pikel
  5763 | D:6      | Killed Pikel
  5763 | D:6      | Reached XP level 9. HP: 62/72 MP: 12/14
  5945 | D:6      | Reached skill level 4 in Bows
  6184 | D:6      | Found Plog's Food Shop.
  6842 | D:7      | Found a runed translucent gate.
  6842 | D:7      | Found a runed translucent gate.
  6843 | D:7      | Found a runed translucent gate.
  6846 | D:7      | Noticed coffeespoons's ghost (novice MfMo)
  6855 | D:7      | Reached skill level 5 in Invocations
  7180 | D:7      | Found a staircase to the Ecumenical Temple.
  7335 | Temple   | Entered the Ecumenical Temple
  7376 | Temple   | Became a worshipper of Ashenzari the Shackled
  7477 | D:8      | Reached XP level 10. HP: 57/80 MP: 17/17
  8164 | D:8      | Found a hide-covered altar of Uskayaw.
  8243 | D:8      | Reached skill level 5 in Long Blades
  8243 | D:8      | Reached skill level 5 in Axes
  8243 | D:8      | Reached skill level 5 in Maces & Flails
  8243 | D:8      | Reached skill level 5 in Polearms
  8243 | D:8      | Reached skill level 5 in Staves
  8243 | D:8      | Reached skill level 5 in Slings
  8243 | D:8      | Reached skill level 5 in Bows
  8243 | D:8      | Reached skill level 5 in Crossbows
  8243 | D:8      | Reached skill level 5 in Throwing
  8243 | D:8      | Reached skill level 5 in Dodging
  8243 | D:8      | Reached skill level 5 in Stealth
  8243 | D:8      | Reached skill level 5 in Unarmed Combat
  8243 | D:8      | Reached skill level 5 in Spellcasting
  8243 | D:8      | Reached skill level 5 in Evocations
  9576 | D:9      | Identified the +10 trident "Enafigyap" {venom, rF+ Int+3
                  | Dex-2}
  9671 | D:9      | Reached * piety under Ashenzari
  9803 | D:9      | Noticed a two-headed ogre
 10144 | D:8      | Upgraded the game from 0.25-a0-1056-g2efb326896 to
                  | 0.25-a0-1073-gf4359a17dd
 10273 | D:9      | Killed a two-headed ogre
 10678 | D:9      | Reached XP level 11. HP: 87/87 MP: 19/19
 10827 | D:9      | Found a staircase to the Orcish Mines.
 11176 | D:10     | Entered Level 10 of the Dungeon
 11251 | D:10     | Reached skill level 6 in Bows
 11274 | D:9      | Reached skill level 5 in Conjurations
 11274 | D:9      | Reached skill level 5 in Hexes
 11274 | D:9      | Reached skill level 5 in Charms
 11274 | D:9      | Reached skill level 5 in Summonings
 11274 | D:9      | Reached skill level 5 in Necromancy
 11274 | D:9      | Reached skill level 5 in Translocations
 11274 | D:9      | Reached skill level 5 in Transmutations
 11274 | D:9      | Reached skill level 5 in Fire Magic
 11274 | D:9      | Reached skill level 5 in Ice Magic
 11274 | D:9      | Reached skill level 5 in Air Magic
 11274 | D:9      | Reached skill level 5 in Earth Magic
 11274 | D:9      | Reached skill level 5 in Poison Magic
 12242 | D:10     | Killed an unseen horror
 13167 | D:11     | Found a staircase to the Lair.
 13783 | D:11     | Got the uncursed plate armour of the Will of the Gods
                  | {Int-5 Slay+5}
 13794 | D:11     | Identified the +1 plate armour of the Will of the Gods
                  | {Int-5 Slay+5} (You found it on level 11 of the Dungeon)
 13817 | D:11     | Reached ** piety under Ashenzari
 13991 | D:11     | Found a snail-covered altar of Cheibriados.
 14015 | D:11     | Identified the cursed +1 short sword "Goblinslayer"
                  | {protect, Int+6}
 14227 | Lair:1   | Entered Level 1 of the Lair of Beasts
 14321 | Lair:1   | Reached XP level 12. HP: 76/96 MP: 22/22
 14591 | Lair:1   | Noticed a six-headed hydra
 14600 | Lair:1   | Killed a six-headed hydra
 15051 | Lair:1   | Reached skill level 7 in Bows
 15469 | Lair:2   | Noticed a death yak
 15485 | Lair:2   | Killed a death yak
 15732 | Lair:2   | Found a runed translucent door.
 15735 | Lair:2   | Noticed Gibetzo's ghost (journeyman GnSk)
 15912 | Lair:2   | Noticed a five-headed hydra
 15920 | Lair:2   | Killed a five-headed hydra
 16310 | Lair:2   | Reached *** piety under Ashenzari
 16494 | Lair:3   | Noticed Gastronok
 16525 | Lair:3   | Killed Gastronok
 16525 | Lair:3   | Reached skill level 10 in Fighting
 16525 | Lair:3   | Reached skill level 10 in Armour
 16525 | Lair:3   | Reached skill level 10 in Shields
 16951 | Lair:3   | Found a staircase to the Snake Pit.
 17054 | Lair:3   | Found a staircase to the Swamp.
 17096 | Lair:3   | Noticed Rupert
 17144 | Lair:3   | Reached XP level 13. HP: 29/103 MP: 24/24
 17661 | Lair:3   | Noticed Fannar
 17685 | Lair:3   | Killed Fannar
 18024 | Lair:3   | Paralysed by Rupert for 2 turns
 18031 | Lair:3   | Killed Rupert
 18031 | Lair:3   | Reached skill level 8 in Bows
 19171 | Lair:4   | Reached **** piety under Ashenzari
 20896 | Lair:6   | Entered Level 6 of the Lair of Beasts
 21832 | Lair:6   | Reached XP level 14. HP: 111/111 MP: 26/26
 22252 | Lair:6   | Reached skill level 10 in Short Blades
 22291 | Lair:6   | Reached skill level 9 in Bows
 22400 | Lair:6   | Identified Haja's Incunabulum of Black Secrets and
                  | Contamination
 23306 | Lair:6   | Found a viscous altar of Jiyva.
 23306 | Lair:6   | Found a staircase to the Slime Pits.
 23347 | Lair:6   | Reached ***** piety under Ashenzari
 23725 | D:12     | Reached skill level 10 in Invocations
 25369 | D:13     | Reached XP level 15. HP: 101/119 MP: 28/28
 25592 | D:13     | Noticed Urug
 25609 | D:13     | Killed Urug
 25661 | D:13     | Noticed Sonja
 25664 | D:13     | Killed Sonja
 26468 | D:14     | Found a gate to the Vaults.
 26869 | D:14     | Reached skill level 10 in Long Blades
 26869 | D:14     | Reached skill level 10 in Axes
 26869 | D:14     | Reached skill level 10 in Maces & Flails
 26869 | D:14     | Reached skill level 10 in Polearms
 26869 | D:14     | Reached skill level 10 in Staves
 26869 | D:14     | Reached skill level 10 in Slings
 26869 | D:14     | Reached skill level 10 in Bows
 26869 | D:14     | Reached skill level 10 in Crossbows
 26869 | D:14     | Reached skill level 10 in Throwing
 26869 | D:14     | Reached skill level 10 in Dodging
 26869 | D:14     | Reached skill level 10 in Stealth
 26869 | D:14     | Reached skill level 10 in Unarmed Combat
 26869 | D:14     | Reached skill level 10 in Spellcasting
 26869 | D:14     | Reached skill level 10 in Evocations
 26944 | D:14     | Found a runed translucent door.
 27311 | D:14     | Noticed Yraatu's ghost (journeyman TrTm)
 27322 | D:15     | Entered Level 15 of the Dungeon
 28184 | D:15     | Found a staircase to the Depths.
 28831 | Orc:1    | Entered Level 1 of the Orcish Mines
 28831 | Orc:1    | Found Haush's Book Boutique.
 28846 | Orc:1    | Found Naninij's Assorted Antiques.
 29045 | Orc:1    | Found Aruh's Magic Scroll Emporium.
 29048 | Orc:1    | Bought a scroll of fog for 30 gold pieces
 29048 | Orc:1    | Bought a scroll of blinking for 112 gold pieces
 29048 | Orc:1    | Bought a scroll of teleportation for 45 gold pieces
 29063 | Orc:1    | Found Ydutogro's Assorted Antiques.
 29075 | Orc:1    | Bought a metal-bound book for 465 gold pieces
 29075 | Orc:1    | Bought a scroll labeled OSOLUG AMASHU for 31 gold pieces
 29078 | Orc:1    | Reached XP level 16. HP: 127/127 MP: 30/30
 29146 | Orc:1    | Reached XP level 17. HP: 119/133 MP: 31/31
 29214 | Orc:1    | Found Ypoadepp's Weapon Boutique.
 29484 | Orc:2    | Entered Level 2 of the Orcish Mines
 29936 | Orc:2    | Found a staircase to the Elven Halls.
 29997 | Orc:2    | Noticed Jorgrun
 30013 | Orc:2    | Killed Jorgrun
 30308 | Orc:2    | Found Niuzxom's Jewellery Boutique.
 30308 | Orc:2    | Found Plog's Antique Weapon Shoppe.
 30310 | Orc:2    | Found Bivecum's Food Emporium.
 30312 | Orc:2    | Found Oluoll's Food Shop.
 30654 | Snake:1  | Entered Level 1 of the Snake Pit
 30668 | Snake:1  | Noticed Asterion
 30686 | Snake:1  | Killed Asterion
 31813 | Snake:1  | Noticed Aizul
 31845 | Snake:1  | Killed Aizul
 32789 | Snake:1  | Noticed Frances
 32790 | Snake:1  | Gained mutation: You are weak. (Str -2) [a neqoxec]
 32816 | Snake:1  | Killed Frances
 34017 | Snake:2  | Reached skill level 11 in Bows
 35036 | Snake:2  | Found a glowing golden altar of the Shining One.
 35675 | Snake:3  | Reached ****** piety under Ashenzari
 36037 | Snake:3  | Noticed Donald
 36182 | Snake:3  | Killed Donald
 36920 | Snake:3  | Reached XP level 18. HP: 104/142 MP: 33/33
 37572 | Snake:3  | Found a large runed translucent door.
 37572 | Snake:3  | Found a large runed translucent door.
 37576 | Snake:3  | Noticed Zorot's ghost (adept DrVM)
 37807 | Swamp:1  | Entered Level 1 of the Swamp
 38189 | Swamp:1  | Found a transporter.
 38190 | Swamp:1  | Identified the ring "Zis Ocenkeu" {rF+ SInv}
 38283 | Swamp:1  | Found a transporter.
 40267 | Swamp:3  | Noticed Kirke
 40284 | Swamp:2  | Killed Kirke
 41043 | Swamp:3  | Found a runed translucent door.
 41043 | Swamp:3  | Noticed UristMcRaven's ghost (journeyman DECj)
 41155 | Swamp:3  | Identified a scroll of acquirement
 41156 | Swamp:3  | Identified the Compendium of Malediction and Feathers (You
                  | acquired it on level 3 of the Swamp)
 41447 | Swamp:3  | Noticed Bai Suzhen
 41502 | Swamp:3  | Killed Bai Suzhen
 41969 | Swamp:4  | Entered Level 4 of the Swamp
 42026 | Swamp:4  | Reached skill level 10 in Conjurations
 42026 | Swamp:4  | Reached skill level 10 in Hexes
 42026 | Swamp:4  | Reached skill level 10 in Charms
 42026 | Swamp:4  | Reached skill level 10 in Summonings
 42026 | Swamp:4  | Reached skill level 10 in Necromancy
 42026 | Swamp:4  | Reached skill level 10 in Translocations
 42026 | Swamp:4  | Reached skill level 10 in Transmutations
 42026 | Swamp:4  | Reached skill level 10 in Fire Magic
 42026 | Swamp:4  | Reached skill level 10 in Ice Magic
 42026 | Swamp:4  | Reached skill level 10 in Air Magic
 42026 | Swamp:4  | Reached skill level 10 in Earth Magic
 42026 | Swamp:4  | Reached skill level 10 in Poison Magic
 43099 | Swamp:4  | Noticed Roxanne
 43194 | Swamp:4  | Killed Roxanne
 45178 | Swamp:4  | Reached skill level 12 in Bows
 45225 | Swamp:4  | Reached XP level 19. HP: 117/149 MP: 35/35
 45241 | Swamp:4  | Got a decaying rune of Zot
 46425 | Snake:4  | Entered Level 4 of the Snake Pit
 47004 | Lair:3   | Learned a level 6 spell: Statue Form
 47010 | Lair:3   | Learned a level 5 spell: Borgnjor's Vile Clutch
 47016 | Lair:3   | Learned a level 5 spell: Irradiate
 47684 | Snake:4  | Found a radiant altar of Vehumet.
 49331 | Snake:4  | Got a serpentine rune of Zot
 49842 | Vaults:1 | Entered Level 1 of the Vaults
 49995 | Vaults:1 | Found a hazy altar of Hepliaklqana.
 50047 | Vaults:1 | Reached XP level 20. HP: 158/158 MP: 34/36
 50767 | Vaults:1 | Found Byzinaol's Assorted Antiques.
 50791 | Vaults:1 | Bought a scroll labeled SOKHLA TOSMI for 35 gold pieces
 50856 | Vaults:1 | Identified the ring "Wunation" {Fire rN+}
 51289 | Vaults:1 | Noticed a Tzitzimitl
 51649 | Vaults:1 | Reached skill level 13 in Bows
 52248 | Vaults:1 | Identified the cursed +1 flail of Ilafomum {vorpal, *Drain
                  | Int+2 Dex+3}
 52482 | Vaults:2 | Noticed Jory
 53019 | Vaults:2 | Killed Jory
 53661 | Vaults:2 | Reached XP level 21. HP: 166/166 MP: 30/38
 55006 | Vaults:3 | Found Boruus's Weapon Shoppe.
 55525 | Vaults:3 | Found a staircase to the Crypt.
 55525 | Vaults:3 | Found a basalt altar of Yredelemnul.
 55526 | Vaults:3 | Found an ancient bone altar of Kikubaaqudgha.
 57290 | Vaults:3 | Reached skill level 15 in Fighting
 57290 | Vaults:3 | Reached skill level 15 in Armour
 57290 | Vaults:3 | Reached skill level 15 in Shields
 57543 | Vaults:4 | Found a radiant altar of Vehumet.
 57638 | Vaults:4 | Reached XP level 22. HP: 175/175 MP: 37/39
 57652 | Vaults:4 | Reached skill level 15 in Invocations
 57740 | Vaults:4 | Found a magical portal.
 57750 | WizLab   | Entered Doroklohe's Tomb
 57845 | WizLab   | Noticed an ancient lich
 57867 | WizLab   | Killed an ancient lich
 57950 | WizLab   | Reached skill level 14 in Bows
 59581 | Vaults:4 | Got the uncursed hat of Legotzif {MR- Regen+ Dex+8 Slay+4}
 60959 | Elf:1    | Entered Level 1 of the Elven Halls
 61424 | Elf:1    | Found Canako Aqoll's Antique Armour Boutique.
 62078 | Elf:1    | Reached skill level 15 in Short Blades
 62646 | Elf:2    | Found a runed translucent gate.
 62646 | Elf:2    | Found a runed translucent gate.
 62646 | Elf:2    | Found a runed translucent gate.
 62654 | Elf:2    | Noticed Heguxy's ghost (journeyman FoEE)
 62755 | Elf:2    | Reached XP level 23. HP: 182/182 MP: 34/41
 62785 | Elf:2    | Found a runed translucent gate.
 62787 | Elf:2    | Found a runed translucent gate.
 62790 | Elf:2    | Found a runed translucent gate.
 62855 | Elf:2    | Killed Heguxy's ghost
 62874 | Elf:2    | Gained mutation: Scrolls take you a little longer to read.
                  | [mutagenic glow]
 62922 | Elf:2    | Gained mutation: You are frail. (-10% HP) [mutagenic glow]
 62946 | Elf:2    | Gained mutation: You do not regenerate when monsters are
                  | visible. [mutagenic glow]
 62994 | Elf:2    | Gained mutation: Your body sometimes deteriorates upon
                  | taking damage. [mutagenic glow]
 63120 | Elf:2    | Lost mutation: Your body sometimes deteriorates upon taking
                  | damage. [potion of mutation]
 63120 | Elf:2    | Lost mutation: You are weak. (Str -2) [potion of mutation]
 63120 | Elf:2    | Gained mutation: You have a pair of small horns on your
                  | head. [potion of mutation]
 63120 | Elf:2    | Gained mutation: You have sharp fingernails. [potion of
                  | mutation]
 63121 | Elf:2    | Lost mutation: You are frail. (-10% HP) [potion of
                  | mutation]
 63121 | Elf:2    | Lost mutation: Scrolls take you a little longer to read.
                  | [potion of mutation]
 63121 | Elf:2    | Gained mutation: You are robust. (+10% HP) [potion of
                  | mutation]
 63121 | Elf:2    | Gained mutation: You have a pair of horns on your head.
                  | [potion of mutation]
 63231 | Elf:2    | Got the uncursed hat of the New World {*Drain MR++ Regen+
                  | Int+5}
 63242 | Elf:2    | Identified the +1 hat of the New World {*Drain MR++ Regen+
                  | Int+5} (You found it on level 2 of the Elven Halls)
 63827 | Elf:3    | Entered Level 3 of the Elven Halls
 64313 | Elf:3    | Identified the +6 scimitar of the Skies Above {freeze, rF+
                  | rN+}
 64318 | Elf:3    | Identified the +1 leather armour of the Maze {rF+++ Str-2
                  | Dex+4}
 64421 | Elf:3    | Identified the ring of Qoteij {*Slow MP+9 Dex+6}
 65110 | Elf:3    | Identified the cursed +0 war axe of the Foremost Tales
                  | {speed, rN+}
 65110 | Elf:3    | Identified the cursed +0 plate armour "Saequem" {+Inv rF+
                  | MR+}
 65214 | Elf:3    | Identified the cursed +2 longbow "Beetleslayer" {speed,
                  | rPois rN+++ Str+2 Dex-5}
 65245 | Elf:3    | Identified the +2 buckler of the Sparrow {+Inv rC+ Int-5
                  | Stlth+}
 65535 | Elf:1    | Bought faintly glowing fire dragon scales for 1625 gold
                  | pieces
 65545 | Elf:1    | Identified the +6 fire dragon scales of the Fife {rF++ rC-
                  | Int+4} (You bought it in a shop on level 1 of the Elven
                  | Halls)
 65624 | Orc:1    | Bought a book of the Warp for 1170 gold pieces
 65633 | Orc:1    | Learned a level 8 spell: Controlled Blink
 65797 | Depths:1 | Entered Level 1 of the Depths
 65797 | Depths:1 | Found a gateway to Hell.
 65806 | Depths:1 | Reached skill level 15 in Long Blades
 65806 | Depths:1 | Reached skill level 15 in Axes
 65806 | Depths:1 | Reached skill level 15 in Maces & Flails
 65806 | Depths:1 | Reached skill level 15 in Polearms
 65806 | Depths:1 | Reached skill level 15 in Staves
 65806 | Depths:1 | Reached skill level 15 in Slings
 65806 | Depths:1 | Reached skill level 15 in Bows
 65806 | Depths:1 | Reached skill level 15 in Crossbows
 65806 | Depths:1 | Reached skill level 15 in Throwing
 65806 | Depths:1 | Reached skill level 15 in Dodging
 65806 | Depths:1 | Reached skill level 15 in Stealth
 65806 | Depths:1 | Reached skill level 15 in Unarmed Combat
 65806 | Depths:1 | Reached skill level 15 in Spellcasting
 65806 | Depths:1 | Reached skill level 15 in Evocations
 65904 | Depths:1 | Noticed a juggernaut
 65923 | D:15     | Reached XP level 24. HP: 123/210 MP: 23/42
 65927 | D:15     | Killed a juggernaut
 66166 | Depths:1 | Identified the +7 spear of Demonkind {freeze, Int+8}
 66625 | Depths:1 | Found a one-way gate leading to the halls of Pandemonium.
 66676 | Depths:1 | Found a glowing silver altar of Zin.
 66834 | Depths:1 | Found a shattered altar of Ashenzari.
 66834 | Depths:1 | Found an ornate altar of the Wu Jian Council.
 66836 | Depths:1 | Found a basalt altar of Yredelemnul.
 66836 | Depths:1 | Found a sparkling altar of Nemelex Xobeh.
 66836 | Depths:1 | Found a shimmering altar of Xom.
 67443 | Depths:2 | Noticed a caustic shrike
 67454 | Depths:2 | Killed a caustic shrike
 67578 | Depths:2 | Found a runed translucent door.
 67585 | Depths:2 | Found a runed translucent door.
 67628 | Depths:2 | Paralysed by a floating eye for 3 turns
 67915 | Depths:2 | Reached skill level 16 in Bows
 68204 | Depths:2 | Reached XP level 25. HP: 218/218 MP: 32/42
 68732 | Depths:3 | Noticed a juggernaut
 68768 | Depths:3 | Killed a juggernaut
 68877 | Depths:3 | Identified the cursed +1 long sword of Gluttony {speed,
                  | +Inv rF+}
 69087 | Depths:3 | Identified the cursed ring of Fenukec {rF+ Str+3 Dex+3}
                  | (You acquired it on level 3 of the Depths)
 69087 | Depths:3 | Identified the cursed +1 pair of gloves "Huoch" {Regen+
                  | Int+6 Dex-4 Stlth-} (You acquired it on level 3 of the
                  | Depths)
 69153 | Depths:3 | Found a one-way gate to the infinite horrors of the Abyss.
 70171 | Depths:4 | Found a gateway to a ziggurat.
 70498 | Depths:4 | Found a corrupted altar of Lugonu.
 70553 | Depths:4 | Noticed Frederick
 70567 | Depths:4 | Killed Frederick
 70908 | Depths:5 | Entered Level 5 of the Depths
 70942 | Depths:5 | Reached skill level 17 in Bows
 71195 | Depths:5 | Reached XP level 26. HP: 181/228 MP: 29/43
 71469 | Depths:5 | Found a gate to the Realm of Zot.
 71753 | Depths:5 | Noticed Boris
 71771 | Depths:5 | Killed Boris
 71827 | Depths:5 | Identified the Papyrus of Transformation and Dislocation
                  | (You acquired it on level 5 of the Depths)
 71833 | Depths:5 | Learned a level 3 spell: Lesser Beckoning
 71842 | Depths:5 | Learned a level 8 spell: Disjunction
 71924 | Depths:4 | Paralysed by a floating eye for 2 turns
 72521 | Depths:5 | Found Tadolaf's Gadget Emporium.
 72521 | Depths:5 | Found Unavior's Jewellery Shop.
 72522 | Depths:5 | Found Widgh's Gadget Emporium.
 72864 | Vaults:5 | Entered Level 5 of the Vaults
 72935 | Vaults:5 | Learned a level 8 spell: Ignition
 73200 | Vaults:5 | Identified the +5 chain mail of the Peculiar Moons {rC+
                  | MP-9 Int+3 Stlth+}
 73221 | Vaults:5 | Reached skill level 18 in Bows
 73274 | Vaults:5 | Identified the +8 shortbow of an ice cave {speed, rF++ rC++
                  | Str-5}
 73533 | Vaults:5 | Noticed an ancient lich
 73546 | Vaults:5 | Killed an ancient lich
 73694 | Vaults:5 | Reached XP level 27. HP: 237/237 MP: 30/43
 73949 | Vaults:5 | Identified the Handbook of Enthralling Evil
 73978 | Vaults:5 | Got a silver rune of Zot
 73980 | Vaults:5 | Identified the Incunabulum of Arcane Weapons
 74485 | Vaults:5 | Found Vum Muto's Jewellery Shoppe.
 75313 | Zot:1    | Entered Level 1 of the Realm of Zot
 75787 | Zot:1    | Reached skill level 19 in Bows
 76019 | Zot:1    | Reached skill level 15 in Conjurations
 76019 | Zot:1    | Reached skill level 15 in Hexes
 76019 | Zot:1    | Reached skill level 15 in Charms
 76019 | Zot:1    | Reached skill level 15 in Summonings
 76019 | Zot:1    | Reached skill level 15 in Necromancy
 76019 | Zot:1    | Reached skill level 15 in Translocations
 76019 | Zot:1    | Reached skill level 15 in Transmutations
 76019 | Zot:1    | Reached skill level 15 in Fire Magic
 76019 | Zot:1    | Reached skill level 15 in Ice Magic
 76019 | Zot:1    | Reached skill level 15 in Air Magic
 76019 | Zot:1    | Reached skill level 15 in Earth Magic
 76019 | Zot:1    | Reached skill level 15 in Poison Magic
 77856 | Zot:3    | Identified the +2 pair of boots of Cheibriados's Delight
                  | {Int+7 Dex+3}
 77870 | Zot:3    | Noticed an orb of fire
 77877 | Zot:3    | Noticed an ancient lich
 78075 | Zot:3    | Found a transporter.
 78078 | Zot:3    | Found a radiant altar of Vehumet.
 78143 | Zot:3    | Identified the ring of Juse {Str+4 Int+6 SInv}
 78460 | Zot:4    | Reached skill level 20 in Bows
 78728 | Zot:4    | Noticed an orb of fire
 78729 | Zot:4    | Gained mutation: Your body sometimes deteriorates upon
                  | taking damage. [an orb of fire]
 78730 | Zot:4    | Gained mutation: Your magical capacity is low. (-10% MP)
                  | [an orb of fire]
 78734 | Zot:4    | Gained mutation: Your body often deteriorates upon taking
                  | damage. [an orb of fire]
 78740 | Zot:4    | Gained mutation: Scrolls take you a little longer to read.
                  | [an orb of fire]
 78756 | Zot:4    | Killed an orb of fire
 78787 | Zot:4    | Noticed an orb of fire
 78809 | Zot:4    | Gained mutation: You are clumsy. (Dex -2) [an orb of fire]
 79101 | Zot:4    | Learned a level 6 spell: Iron Shot
 79132 | Zot:4    | Learned a level 7 spell: Spellforged Servitor
 79207 | Zot:4    | Identified the +11 bardiche of the Lurker {drain, rElec
                  | rF++}
 79441 | Zot:4    | Gained mutation: You are very clumsy. (Dex -4) [an orb of
                  | fire]
 79450 | Zot:4    | Killed an orb of fire
 79809 | Zot:5    | Entered Level 5 of the Realm of Zot
 80645 | Zot:5    | Noticed an ancient lich
 80656 | Zot:5    | Killed an ancient lich
 80830 | Zot:5    | Noticed an ancient lich
 80830 | Zot:5    | Noticed an orb of fire
 80906 | Zot:5    | Noticed an ancient lich
 80906 | Zot:5    | Noticed an orb of fire
 80911 | Zot:5    | Gained mutation: You are dopey. (Int -2) [an orb of fire]
 80925 | Zot:5    | Gained mutation: Your magical capacity is very low. (-20%
                  | MP) [mutagenic glow]
 80938 | Zot:5    | Gained mutation: Your spells are a little easier to cast,
                  | but a little less powerful. [an orb of fire]
 80948 | Zot:5    | Lost mutation: You are robust. (+10% HP) [an orb of fire]
 80950 | Zot:5    | Killed from afar by an orb of fire

Illustrated notes

Levels and vault maps discovered:
D:1:      minmay_arrival_five_plusses, layout_basic
D:2:      layout_rooms, first_ration, uniq_jessica, uniq_terence
D:3:      layout_basic
D:4:      layout_loops_cross, gammafunk_temple_overflow_claw,
          chequers_temple_overflow_statue_of_worship, serial_shops,
          nicolae_shop_stone, minmay_pentangle, uniq_natasha, uniq_robin
D:5:      layout_basic, lemuel_round_altar
D:6:      layout_gridville, serial_shops, shop, uniq_pikel
D:7:      layout_cave_pools, minmay_temple_entry_overgrown,
          gammafunk_ghost_necromancy
D:8:      layout_basic, overflow_temple_1_default
D:9:      layout_rooms, hiddenorc1_lemuel, grunt_livestock
D:10:     layout_irregular_city
D:11:     layout_loops_ring, david_lair_shrubbed, cheibriados_altar_1
D:12:     layout_basic, chequers_serial_rivers_micro_d
D:13:     layout_rooms, uniq_sonja, uniq_urug
D:14:     layout_roguey, erik_vaults_2, serial_bayou_pond_e,
          ebering_ghost_reflecting_pool
D:15:     grunt_enter_depths_snipers, layout_basic,
          hangedman_decor_diamond_cutter
Temple:   regret_index_temple_waves
Lair:1:   layout_chaotic_city, disabler_island
Lair:2:   layout_roguey, hellmonk_ghost_happy_afterlife,
          hangedman_lair_generics_rect
Lair:3:   layout_layer_cave, minmay_swamp_entry_swarm,
          minmay_snake_entry_guardpost_small, portal_ice_cave_entry_imps,
          grunt_forest_large_clearing_hut, uniq_gastronok, uniq_rupert,
          uniq_fannar
Lair:4:   layout_regular_city, chequers_serial_rivers_micro_c, minivault_25,
          serial_bayou_shore_b
Lair:5:   layout_hall_layers, serial_bayou_shore_b
Lair:6:   evilmike_catoblepas_cave, layout_hall_layers,
          dpeg_slime_entry_enclosed_altar, grunt_megastairs_1
Swamp:1:  gammafunk_worm_tunnel, layout_falls_marsh, hangedman_swamp_ruin_hall,
          swamp_pool3
Swamp:2:  layout_falls_marsh, evilmike_swamp_ruin_house_5
Swamp:3:  layout_falls_marsh, gammafunk_ghost_grave,
          nicolae_swamp_dense_foliage, uniq_bai_suzhen, uniq_kirke
Swamp:4:  swamp, layout_basic_swamp, uniq_roxanne
Snake:1:  cheibrodos_snake_ritualist_ritual, layout_chambers, uniq_asterion,
          uniq_aizul, uniq_frances
Snake:2:  layout_layer_cave, basic_altar, drop_trap, lemuel_fruit_tree
Snake:3:  layout_grid_maze, ebering_ghost_disaster_area, uniq_donald
Snake:4:  grunt_snake_rune_pools, layout_cave_town, basic_altar
Orc:1:    layout_diamond_mine, serial_shops, nicolae_shop_behind_doors, shop,
          nicolae_shop_stone, nicolae_shop_stone, shop, sword_in_stone
Orc:2:    st_orc_rangers, layout_caves, uniq_jorgrun
Elf:1:    elf_arrival_002, layout_loops_cross, serial_shops, shop,
          kennysheep_underground_church
Elf:2:    layout_geoelf_diagonals, gammafunk_ghost_tricky_traps
Elf:3:    minmay_elf_hall_quartered_circle, layout_onion_city
Vaults:1: ontoclasm_vaults_spin, st_cells, hangedman_vaults_variations,
          v_misc_4, grunt_vaults_diagonal, v_misc_14,
          nicolae_vaults_twisting_passages, hangedman_vaults_snaps,
          dpeg_vaults_monster_box, layout_vaults_big_cross, serial_shops,
          nicolae_shop_overgrown_old_shop, basic_altar
Vaults:2: nicolae_vaults_little_squares_3, ontoclasm_vaults_gateway,
          ontoclasm_vaults_hangar, nicolae_vaults_mini_display_case, v_misc_15,
          layout_vaults_chaotic_city, uniq_jory
Vaults:3: ontoclasm_vaults_shuriken, v_rooms_6, kb_rosetta, v_misc_26,
          v_misc_25, nicolae_vaults_alarming, v_alt_pattern_5,
          minmay_crypt_entry_necro_gods,
          vaults_standard_mumra_enter_the_diamond, layout_vaults_omnigrid,
          serial_glass, serial_shops, shop
Vaults:4: v_rooms_5, nicolae_vaults_little_squares_3, vaults_dpeg_diagonal,
          grunt_vaults_hallway_long, v_pattern_1, grunt_tower_of_power,
          grunt_vaults_trifunnel, vaults_room_grunt_arrival_ludios,
          ontoclasm_vaults_loading_screen, v_misc_5, layout_vaults_maze,
          mu_enter_wizlab_6
Vaults:5: serial_shops
Depths:1: minmay_complete_graph, layout_cave_pools, hell_entry,
          rand_demon_pan_entry_4, doesnt_xom_only_xom
Depths:2: minmay_expanding_circles, layout_basic, serial_co_window_serial,
          co_window_of_opportunity_a, co_window_paths_a, co_window_corner_a,
          co_window_of_opportunity_a, co_window_corner_a, co_window_paths_c,
          co_window_corner_b, co_window_of_opportunity_c,
          co_window_of_opportunity_c, co_window_unsneaky_path_c,
          glass_columns_a, pf_hell_entry_tar_spiral
Depths:3: minmay_skeleton_keep, layout_cave_pools, hellmouth_1, pan_entry,
          abyss_entry_crystal, kennysheep_nondecorative_pillar
Depths:4: hangedman_arrow_trap, layout_gridville, enter_ziggurat_d,
          abyss_entry_flame_altar, minmay_misc_feat_more_columns,
          grunt_hell_entry_dis_mu, uniq_frederick
Depths:5: grunt_crosshair, layout_gridlike, hell_entry, serial_sigils,
          serial_sigils_hangedman_scar, serial_sigils_hangedman_scratch,
          serial_sigils_hangedman_stare, serial_sigils_hangedman_shear,
          serial_sigils_hangedman_gut, serial_sigils_hangedman_leer,
          grunt_decor_arrowhead, corexii_corridor_pit,
          chequers_serial_rivers_micro_d, minmay_shop_grove, uniq_boris
Zot:1:    layout_gridville
Zot:2:    layout_misc_corridors
Zot:3:    gammafunk_sealed_library, layout_misc_corridors
Zot:4:    nicolae_moth_party, layout_misc_corridors
Zot:5:    layout_cellular_growth

Skill      XL: |  1  2  3  4  5  6  7  8  9 10 11 12 13 14 15 16 17 18 19 20 21 22 23 24 25 26 27 |
---------------+----------------------------------------------------------------------------------+-----
Invocations    | 1 2 3 4 5 6 7 8 9 10 11 12 13 14 15 16 17 18 19 | 19.7
Long Blades    | 1 2 3 4 5 6 7 8 9 10 11 12 13 14 15 16 18 | 18.4
Axes           | 1 2 3 4 5 6 7 8 9 10 11 12 13 14 15 16 18 | 18.4
Maces & Flails | 1 2 3 4 5 6 7 8 9 10 11 12 13 14 15 16 18 | 18.4
Polearms       | 1 2 3 4 5 6 7 8 9 10 11 12 13 14 15 16 18 | 18.4
Staves         | 1 2 3 4 5 6 7 8 9 10 11 12 13 14 15 16 18 | 18.4
Slings         | 1 2 3 4 5 6 7 8 9 10 11 12 13 14 15 16 18 | 18.4
Bows           | 1 2 3 4 5 6 7 8 9 10 11 12 13 14 15 16 17 18 20 | 20.8
Crossbows      | 1 2 3 4 5 6 7 8 9 10 11 12 13 14 15 16 18 | 18.4
Throwing       | 1 2 3 4 5 6 7 8 9 10 11 12 13 14 15 16 18 | 18.4
Dodging        | 1 2 3 4 5 6 7 8 9 10 11 12 13 14 15 16 18 | 18.4
Stealth        | 1 2 3 4 5 6 7 8 9 10 11 12 13 14 15 16 18 | 18.4
Unarmed Combat | 1 2 3 4 5 6 7 8 9 10 11 12 13 14 15 16 18 | 18.4
Spellcasting   | 1 2 3 4 5 6 7 8 9 10 11 12 13 14 15 16 18 | 18.4
Evocations     | 1 2 3 4 5 6 7 8 9 10 11 12 13 14 15 16 18 | 18.4
Conjurations   | 1 2 3 4 5 6 7 8 9 10 11 12 13 14 15 | 15.9
Hexes          | 1 2 3 4 5 6 7 8 9 10 11 12 13 14 15 | 15.9
Charms         | 1 2 3 4 5 6 7 8 9 10 11 12 13 14 15 | 15.9
Summonings     | 1 2 3 4 5 6 7 8 9 10 11 12 13 14 15 | 15.9
Necromancy     | 1 2 3 4 5 6 7 8 9 10 11 12 13 14 15 | 15.9
Translocations | 1 2 3 4 5 6 7 8 9 10 11 12 13 14 15 | 15.9
Transmutations | 1 2 3 4 5 6 7 8 9 10 11 12 13 14 15 | 15.9
Fire Magic     | 1 2 3 4 5 6 7 8 9 10 11 12 13 14 15 | 15.9
Ice Magic      | 1 2 3 4 5 6 7 8 9 10 11 12 13 14 15 | 15.9
Air Magic      | 1 2 3 4 5 6 7 8 9 10 11 12 13 14 15 | 15.9
Earth Magic    | 1 2 3 4 5 6 7 8 9 10 11 12 13 14 15 | 15.9
Poison Magic   | 1 2 3 4 5 6 7 8 9 10 11 12 13 14 15 | 15.9
Short Blades   | 5 6 7 8 9 10 11 12 13 14 15 16 17 18 | 18.8
Fighting       | 7 8 9 10 11 12 13 14 15 16 17 19 | 19.2
Armour         | 7 8 9 10 11 12 13 14 15 16 17 19 | 19.2
Shields        | 7 8 9 10 11 12 13 14 15 16 17 19 | 19.2

Action                   |  1- 3 |  4- 6 |  7- 9 | 10-12 | 13-15 | 16-18 | 19-21 | 22-24 | 25-27 || total
-------------------------+-------+-------+-------+-------+-------+-------+-------+-------+-------++-------
Melee: Rapier            |    89 |    68 |   273 |   501 |       |       |       |       |       ||   931
       Bite              |     9 |    38 |    53 |   115 |   144 |   169 |   221 |   187 |   331 ||  1267
       Dagger            |       |   231 |   178 |       |       |       |       |       |       ||   409
       Trident           |       |       |       |   381 |  1154 |  1557 |  1896 |  1031 |       ||  6019
       Headbutt          |       |       |       |       |       |       |       |   172 |   553 ||   725
       Staff             |       |       |       |       |       |       |       |   488 |  2108 ||  2596
 Cast: Statue Form       |       |       |       |       |       |       |    79 |    79 |   100 ||   258
       Irradiate         |       |       |       |       |       |       |    16 |    29 |    60 ||   105
       Borgnjor's Vile C |       |       |       |       |       |       |     3 |    18 |    18 ||    39
       Ignition          |       |       |       |       |       |       |       |       |    12 ||    12
       Disjunction       |       |       |       |       |       |       |       |       |     1 ||     1
       Controlled Blink  |       |       |       |       |       |       |       |       |     1 ||     1
Invok: Curse Item        |       |       |     2 |     1 |       |       |       |     4 |     2 ||     9
       Scrying           |       |       |       |       |       |       |       |       |     1 ||     1
Evoke: Wand              |       |       |       |     8 |     9 |     4 |     2 |     1 |     6 ||    30
       Box of beasts     |       |       |       |       |       |     1 |     1 |     1 |     7 ||    10
       Phantom mirror    |       |       |       |       |       |       |     1 |       |     2 ||     3
  Use: Potion            |       |       |     2 |       |     5 |     4 |     3 |     5 |     8 ||    27
       Scroll            |       |       |       |    18 |    13 |     4 |     3 |     4 |     9 ||    51
 Stab: Sleeping          |       |       |       |     6 |     2 |     1 |    20 |    18 |     9 ||    56
       Petrified         |       |       |       |       |     6 |       |       |       |       ||     6
       Invisible         |       |       |       |       |       |     8 |       |       |       ||     8
       Distracted        |       |       |       |       |       |       |     1 |     2 |     7 ||    10
  Eat: Chunk             |     1 |     6 |    11 |    28 |    33 |    21 |    45 |    46 |    38 ||   229
       Ration            |       |       |     1 |     2 |     2 |     9 |     8 |     4 |    14 ||    40
Armor: Scale mail        |    24 |    70 |   114 |   181 |       |       |       |       |       ||   389
       Plate armour      |       |       |       |    52 |   249 |   238 |    15 |       |       ||   554
       Skin              |       |       |       |       |       |       |   383 |   307 |   723 ||  1413
       Robe              |       |       |       |       |       |       |     8 |     9 |    19 ||    36
Dodge: Dodged            |    18 |    57 |   115 |   261 |   248 |   454 |  1214 |   979 |  1595 ||  4941
       Repelled          |       |       |     5 |     2 |    33 |    43 |    79 |    76 |    65 ||   303
Block: Kite shield       |    41 |   120 |   188 |   385 |   448 |   633 |  1310 |  1039 |  1070 ||  5234
       Tower shield      |       |       |       |       |       |       |       |       |  1625 ||  1625

Table legend:
 A = Non-vault XP
 B = Vault XP
 C = Vault XP percentage of total XP
 D = Non-vault monster count
 E = Vault monster count
 F = Vault count percentage of total count
                 A         B        C        D         E       F
            +---------+---------+-------+---------+---------+-------
      Total |  993089 |  664950 |  40.1 |    1664 |     752 |  31.1
            +---------+---------+-------+---------+---------+-------
        D:1 |      52 |       0 |   0.0 |      29 |       0 |   0.0
        D:2 |      93 |      69 |  42.6 |      24 |       2 |   7.7
        D:3 |     237 |       0 |   0.0 |      25 |       0 |   0.0
        D:4 |     469 |     322 |  40.7 |      20 |      26 |  56.5
        D:5 |     346 |       0 |   0.0 |       8 |       0 |   0.0
        D:6 |    1188 |     685 |  36.6 |      29 |       1 |   3.3
        D:7 |     996 |       0 |   0.0 |      10 |       0 |   0.0
        D:8 |    1641 |       0 |   0.0 |      31 |       0 |   0.0
        D:9 |    3507 |    1166 |  25.0 |      55 |      22 |  28.6
       D:10 |    4947 |       0 |   0.0 |      44 |       0 |   0.0
       D:11 |    1393 |     361 |  20.6 |      22 |       1 |   4.3
       D:12 |    9385 |       0 |   0.0 |      41 |       0 |   0.0
       D:13 |    8506 |    1629 |  16.1 |      34 |       2 |   5.6
       D:14 |   11150 |    7877 |  41.4 |      36 |       8 |  18.2
       D:15 |   16560 |   13317 |  44.6 |      38 |       7 |  15.6
     Lair:1 |    4141 |     370 |   8.2 |      18 |       4 |  18.2
     Lair:2 |    2594 |    2467 |  48.7 |       8 |       6 |  42.9
     Lair:3 |    4213 |    8997 |  68.1 |      19 |      26 |  57.8
     Lair:4 |    3608 |       0 |   0.0 |      17 |       0 |   0.0
     Lair:5 |    4609 |       0 |   0.0 |      14 |       0 |   0.0
     Lair:6 |    6042 |   16504 |  73.2 |      20 |      35 |  63.6
    Swamp:1 |   10648 |       0 |   0.0 |      33 |       0 |   0.0
    Swamp:2 |    5564 |    1266 |  18.5 |      19 |       1 |   5.0
    Swamp:3 |   10204 |    5094 |  33.3 |      36 |       2 |   5.3
    Swamp:4 |   23325 |   19203 |  45.2 |      44 |      27 |  38.0
    Snake:1 |    7170 |    8687 |  54.8 |      15 |       8 |  34.8
    Snake:2 |   21997 |       0 |   0.0 |      42 |       0 |   0.0
    Snake:3 |   15057 |    1096 |   6.8 |      29 |       1 |   3.3
    Snake:4 |   25460 |   43972 |  63.3 |      57 |      59 |  50.9
      Orc:1 |    5036 |    1645 |  24.6 |      44 |       6 |  12.0
      Orc:2 |    4984 |    9682 |  66.0 |      22 |      41 |  65.1
      Elf:1 |   37293 |    5137 |  12.1 |      59 |       9 |  13.2
      Elf:2 |   11498 |   31441 |  73.2 |      20 |      44 |  68.8
      Elf:3 |   26526 |   44544 |  62.7 |      38 |      28 |  42.4
   Vaults:1 |   46362 |   25393 |  35.4 |      76 |      36 |  32.1
   Vaults:2 |   51576 |    5071 |   9.0 |      81 |       3 |   3.6
   Vaults:3 |   40114 |   20723 |  34.1 |      64 |      35 |  35.4
   Vaults:4 |   24269 |   28007 |  53.6 |      31 |      45 |  59.2
   Vaults:5 |   22159 |  120515 |  84.5 |      21 |      85 |  80.2
   Depths:1 |   36580 |   28439 |  43.7 |      55 |      28 |  33.7
   Depths:2 |   54278 |   39478 |  42.1 |      58 |      27 |  31.8
   Depths:3 |   32861 |   39250 |  54.4 |      36 |      52 |  59.1
   Depths:4 |   21249 |   22386 |  51.3 |      22 |      14 |  38.9
   Depths:5 |   57527 |   34883 |  37.7 |      39 |      16 |  29.1
      Zot:1 |   85914 |       0 |   0.0 |      57 |       0 |   0.0
      Zot:2 |   53676 |       0 |   0.0 |      32 |       0 |   0.0
      Zot:3 |   64533 |       0 |   0.0 |      42 |       0 |   0.0
      Zot:4 |   61781 |   12866 |  17.2 |      25 |      12 |  32.4
      Zot:5 |   49771 |   45131 |  47.6 |      25 |      15 |  37.5
     WizLab |       0 |   17277 | 100.0 |       0 |      18 | 100.0
            +---------+---------+-------+---------+---------+-------
